 Dungeon Crawl Stone Soup version 0.22.1-1-ga44c0e5 (webtiles) character file.

24 vierth the Sneak (level 2, -1/13 HPs)
             Began as a Spriggan Enchanter on Oct 6, 2018.
             Slain by an adder (5 damage)
             ... on level 2 of the Dungeon.
             The game lasted 00:04:10 (1063 turns).

vierth the Sneak (Spriggan Enchanter)               Turns: 1063, Time: 00:04:10

Health: -1/13      AC:  2    Str:  4    XL:     2   Next: 79%
Magic:  1/7        EV: 18    Int: 16    God:
Gold:   61         SH:  0    Dex: 16    Spells: 4/7 levels left

rFire    . . .     SeeInvis +   a - +1 dagger
rCold    . . .     Gourm    .   (shield restricted)
rNeg     . . .     Faith    .   b - +0 robe
rPois    .         Spirit   .   (helmet restricted)
rElec    .         Reflect  .   (no cloak)
rCorr    .         Harm     .   (gloves unavailable)
MR       .....                  (boots unavailable)
Stlth    +++.......             (no amulet)
HPRegen  0.04/turn              (no ring)
MPRegen  0.10/turn              (no ring)

@: very quick
A: very small, unfitting armour, see invisible, herbivore, speed 3, slow
metabolism 2
a: no special abilities


You were on level 2 of the Dungeon.
You were not hungry.

You visited 1 branch of the dungeon, and saw 2 of its levels.

You collected 61 gold pieces.

Inventory:

Hand Weapons
 a - a +1 dagger (weapon)
Armour
 b - a +0 robe (worn)
Jewellery
 h - an uncursed ring of magical power {unknown}
Scrolls
 c - 2 scrolls of teleportation
 e - 2 scrolls of amnesia
Potions
 f - a potion of berserk rage {unknown}
 g - a potion of magic {unknown}
 i - a potion of resistance {unknown}
Comestibles
 d - 3 rations


   Skills:
 + Level 1.7 Short Blades
 - Level 3.0 Dodging
 + Level 5.0 Stealth
 + Level 3.1 Spellcasting
 + Level 4.0 Hexes


You had 4 spell levels left.
You knew the following spells:

 Your Spells              Type           Power        Failure   Level  Hunger
a - Corona                Hex            ###....      3%          1    None
b - Ensorcelled Hibernat  Hex/Ice        #.....       12%         2    ##.....

Your spell library contained the following spells:

 Spells                   Type           Power        Failure   Level  Hunger
 Confuse                  Hex            ###.....     11%         3    ###....
 Tukima's Dance           Hex            ###.....     11%         3    ###....
 Dazzling Spray           Conj/Hex       #.....       24%         3    ###....


Dungeon Overview and Level Annotations

Branches:
Dungeon (2/15)

Altars:
Uskayaw


Innate Abilities, Weirdness & Mutations

You are very small and have problems with some larger weapons.
You are too small for most types of armour.
You have supernaturally acute eyesight. (SInv)
You are a herbivore.
You cover ground extremely quickly.
You need to consume almost no food.


Message History

You are too injured to fight recklessly!
You are too injured to fight recklessly!
You are too injured to fight recklessly!
You are too injured to fight recklessly!
You are too injured to fight recklessly!
You are too injured to fight recklessly!
You are too injured to fight recklessly!
You hit the adder.
The adder is heavily wounded.
The adder barely misses you.
You barely miss the adder.
The adder is heavily wounded.
The adder barely misses you.
You hit the adder.
The adder is severely wounded.
The adder bites you.
You hit the adder.
The adder is almost dead.
The adder bites you.
You die...

#..._.#..#.#
#.....#((#.#
#.#...####.#
###..#.....).#
....######..#
P♣... ##.#
♣♣..### #.####
P♣P.####S...###
♣PP....@........
♣PP########.####
♣♣P .# P. # P..
#..# #.. #.#


You could see an adder.

Vanquished Creatures
  A dart slug (D:1)
  A giant cockroach (D:1)
  2 goblins (D:2)
  3 hobgoblins (D:1)
  2 jackals (D:1)
  3 bats (D:1)
  2 frilled lizards (D:1)
  3 kobolds
  5 rats
22 creatures vanquished.

Notes
Turn   | Place    | Note
-------+----------+-------------------------------------------
     0 | D:1      | vierth the Spriggan Enchanter began the quest for the Orb.
     0 | D:1      | Reached XP level 1. HP: 9/9 MP: 5/5
   316 | D:1      | Reached XP level 2. HP: 7/13 MP: 7/7
   449 | D:1      | Learned a level 2 spell: Ensorcelled Hibernation
   997 | D:2      | Found a hide-covered altar of Uskayaw.
   997 | D:2      | Noticed a hand axe
   997 | D:2      | Noticed a dagger
  1015 | D:2      | Reached skill level 5 in Stealth
  1063 | D:2      | Slain by an adder

Skill      XL: |  1  2 |
---------------+-------+-----
Spellcasting   | 3 |  3.1
Hexes          | 4 |  4.0
Stealth        | 5 |  5.0
Short Blades   | |  1.7
Dodging        | |  3.0

Action                   || total
-------------------------++-------
Melee: Dagger            ||    90
 Cast: Ensorcelled Hiber ||     5
  Use: Scroll            ||     3
 Stab: Sleeping          ||    12
Armor: Robe              ||     9
Dodge: Dodged            ||    84
